[Event "Late-Titled-Tuesday-Blitz-August-29-2023"]
[Site "Chess.com"]
[Date "2023.08.29"]
[Round "10"]
[White "Kacparov"]
[Black "BogdanDeac"]
[Result "1/2-1/2"]
[WhiteElo "2924"]
[BlackElo "3017"]
[TimeControl "180+1"]
[EndTime "15:54:10 PDT"]
[Termination "Game drawn by repetition"]

1. e4 e5 2. Nf3 Nf6 3. Nxe5 d6 4. Nf3 Nxe4 5. d4 d5 6. Bd3 Bf5 7. O-O Be7 8. Re1 O-O 9. Nbd2 Nd6 10. Nf1 c6 11.
Ng3 Bxd3 12. Qxd3 Na6 13. c3 Nc7 14. Bf4 g6 15. Re2 Ne6 16. Bh6 Re8 17. Rae1 Bf8 18.
Bxf8 Nxf8 19. Rxe8 Nxe8 20. Ne5 Nd6 21. Qf3 Qg5 22.
Nf1 Kg7 23. g3 h5 24. h4 Qf5 25. Qxf5 Nxf5 26. Nd3 Nd6 27. Nd2 Ne6 28. Nc5 Nxc5 29.
dxc5 Nf5 30. Nb3 Kf6 31. Kg2 a5 32. a4 Ng7 33. f4 Ne6 34. Kf3 Ra6 35. Re2 Ra8 36. Re1 Rb8 37. Re2 b6 38. cxb6 Rxb6 39.
Nxa5 Nc5 40. b4 Nxa4 41. Re3 c5 42. Rd3 Ke6 43. Nb3 cxb4 44. cxb4 Rxb4 45. Nd4+ Kd6 46. f5 Nb2 47. Rd2 Nc4 48. Rd1 Ne5+ 49. Kg2 Ng4 50. Kf3 Ne5+ 51. Kg2 Rc4 52. fxg6 fxg6 53. Ne2 Rc2 54.
Kf1 Ng4 55. Ra1 Ne3+ 56. Ke1 Rb2 57. Ra6+ Ke5 58. Rxg6 Ke4 59. Re6+ Kd3 60. Nf4+ Kd4 61. Ne2+ Kd3 62. Nf4+ Kd4 63. Ne2+ Kd3 1/2-1/2

[Event "Late-Titled-Tuesday-Blitz-August-29-2023"]
[Site "Chess.com"]
[Date "2023.08.29"]
[Round "10"]
[White "KejJaj"]
[Black "jinxy2009"]
[Result "0-1"]
[WhiteElo "2217"]
[BlackElo "2349"]
[TimeControl "180+1"]
[EndTime "15:54:18 PDT"]
[Termination "jinxy2009 won by resignation"]

1. d4 Nf6 2. Bf4 d5 3. e3 e6 4. Nf3 Bd6 5. Nbd2 O-O 6. Bg3 c5 7. c3 Qc7 8. Bd3 Nbd7 9. Bxd6 Qxd6 10. O-O e5 11. dxc5 Nxc5 12. Bc2 Bg4 13. h3 Bh5 14.
Qe1 Bg6 15. Qd1 Rad8 16. Nb3 Nce4 17. Bxe4 Nxe4 18. Qe2 f6 19. Rfd1 Bf7 20. Nbd2 Nxd2 21. Rxd2 Rfe8 22. Rad1 Qb6 23. Ne1 a5 24. Qg4 h5 25.
Qa4 Re7 26. Nf3 Red7 27. Qc2 Qc6 28. Qf5 g6 29. Qc2 Kg7 30. Nh4 b5 31. a3 f5 32. Nf3 Qf6 33. Kh1 h4 34. b3 g5 35.
Nh2 Bg6 36. Qa2 Bf7 37. c4 bxc4 38. bxc4 d4 39. exd4 exd4 40. Qc2 Be6 41. Nf3 g4 42. Ng1 Qf7 43. Qb2 Qf6 44. Ne2 gxh3 45. gxh3 d3 46. Qxf6+ Kxf6 47. Nf4 Bxc4 48. Kg2 Ke5 49. Kf3 Bd5+ 50.
Nxd5 Rxd5 51. Ke3 f4+ 52. Kf3 Rd4 53. Kg4 R8d5 54. Kxh4 Ke4 55. Kg4 f3 56. h4 Rc4 57.
Kg3 Rc2 58. Re1+ Kd4 59. Rxc2 dxc2 60. Rc1 Kd3 61. Kxf3 Kd2 62. Rg1 c1=Q 63. Rxc1 Kxc1 64. Kg4 Kb2 65. f4 Kxa3 66. f5 Rd8 67. Kg5 Kb3 68. Kg6 a4 69. f6 a3 70. h5 a2 71. h6 a1=Q 72. h7 Qg1+ 73. Kf7 Rh8 74. Ke7 Rxh7+ 75. f7 Qg7 76. Kd6 Qxf7 0-1

[Event "Late-Titled-Tuesday-Blitz-August-29-2023"]
[Site "Chess.com"]
[Date "2023.08.29"]
[Round "10"]
[White "Defenstrator"]
[Black "MaxLeto"]
[Result "1/2-1/2"]
[WhiteElo "2268"]
[BlackElo "2390"]
[TimeControl "180+1"]
[EndTime "15:54:19 PDT"]
[Termination "Game drawn - insufficient material"]

1. e3 d5 2. Ke2 c6 3. Ke1 Nf6 4. c4 g6 5. Nc3 Bg7 6. Nf3 O-O 7. b3 Na6 8. Bb2 Nc5 9. d4 Nce4 10. Nxe4 Nxe4 11.
Nd2 Bf5 12. f3 Nxd2 13. Qxd2 Re8 14. Kf2 e5 15. dxe5 Bxe5 16. cxd5 Qxd5 17. Qxd5 cxd5 18. Bxe5 Rxe5 19. Rc1 Rae8 20. Bb5 R8e7 21. g4 d4 22. exd4 Rxb5 23. gxf5 Rxf5 24. Rc5 Rf4 25. Rd1 f5 26. d5 Kf7 27. d6 Rd7 28. Rc7 Ke8 29. Rc8+ Kf7 30.
Rc7 Ke8 31. Re1+ Kd8 32. Re7 Rxd6 33. Rxh7 Rfd4 34. Rxb7 Rd7 35. Rxa7 Rd2+ 36. Kg3 Rxh7 37. Rxh7 Rxa2 38. Rg7 Ra6 39. h4 Ke8 40. Kf4 Rb6 41. Kg5 Rxb3 42. Rxg6 Rxf3 43. Rf6 Rg3+ 44. Kh6 Rf3 45.
h5 Ke7 46. Ra6 f4 47. Kg7 Rg3+ 48. Rg6 Rxg6+ 49. hxg6 f3 50. Kh8 f2 51. g7 f1=Q 52.
g8=Q Qa1+ 53. Kh7 Qh1+ 54. Kg6 Qg2+ 55. Kh7 Qh3+ 56. Kg7 Qg4+ 57. Kh8 Qf5 58. Qg7+ Ke8 59. Qa7 Qf6+ 60. Kh7 Qf7+ 61. Qxf7+ Kxf7 1/2-1/2

[Event "Late-Titled-Tuesday-Blitz-August-29-2023"]
[Site "Chess.com"]
[Date "2023.08.29"]
[Round "10"]
[White "sergoy"]
[Black "Elsa167"]
[Result "1-0"]
[WhiteElo "2975"]
[BlackElo "2887"]
[TimeControl "180+1"]
[EndTime "15:54:20 PDT"]
[Termination "sergoy won on time"]

1. d4 Nf6 2. c4 e6 3. Nc3 d5 4.
Nf3 a6 5. cxd5 exd5 6. Bg5 Be6 7.
Qb3 Nbd7 8. e3 Rb8 9. Be2 Bd6 10. Bf4 Qe7 11. O-O O-O 12. Rac1 c6 13. Ne5 Bf5 14.
Nxd7 Qxd7 15. Bxd6 Qxd6 16. Na4 Rfe8 17. Nc5 Re7 18.
Qb6 Rbe8 19. b4 Bg4 20. Nxb7 Qb8 21. Bxa6 Bc8 22. Qxc6 Bxb7 23. Bxb7 Rxb7 24. a3 h5 25. h3 Qa8 26. Ra1 Ra7 27. Qc3 Ne4 28. Qd3 Rc8 29. b5 Rc3 30. Qd1 Rcxa3 31. Rxa3 Rxa3 32. Qxh5 Rb3 33.
Rc1 Rxb5 34. Rc7 Qe8 35. Qf5 g6 36. Qf4 Qe6 37. Ra7 Rb1+ 38. Kh2 Kg7 39. f3 Nf6 40.
Ra8 Ne8 41. h4 Rb6 42. Kg3 Nf6 43. Kh2 Qd6 44. Qxd6 Rxd6 45. Kg3 Rb6 46. Ra3 Rb2 47. Rd3 Re2 48. Kh3 Ng8 49. g4 Ne7 50. Kg3 Nc6 51.
Kf4 Nb4 52. Rd1 Nc2 53. e4 Ne3 54. Rd3 Nc4 55. exd5 Re7 56. Rc3 Nb6 57. Rc5 Rd7 58. Ke5 Re7+ 59. Kd6 Re8 60. Kc7 Na8+ 61. Kd7 Rb8 62.
d6 Rb4 63. d5 Rd4 64. Kc6 Kf6 65. Ra5 Ke5 66. Rxa8 1-0

[Event "Late-Titled-Tuesday-Blitz-August-29-2023"]
[Site "Chess.com"]
[Date "2023.08.29"]
[Round "10"]
[White "rasmussvane"]
[Black "Zkid"]
[Result "0-1"]
[WhiteElo "2962"]
[BlackElo "2853"]
[TimeControl "180+1"]
[EndTime "15:54:20 PDT"]
[Termination "Zkid won by resignation"]

1. Nf3 d5 2. g3 Nf6 3. Bg2 c6 4. O-O Bg4 5. h3 Bh5 6. d4 Nbd7 7. c4 e6 8. cxd5 exd5 9. Ne5 Bd6 10. f4 Bxe5 11. dxe5 Ne4 12. g4 Bg6 13. f5 Nxe5 14.
Qd4 Qf6 15. e3 Ng3 16. Rf2 Bxf5 17. gxf5 Nxf5 18. Qf4 g6 19. Re2 Nd3 20. Qf1 Qh4 21. Rd2 Nxc1 22. Qxc1 O-O 23. Re2 Rfe8 24. Nc3 Re5 25.
Qd2 Rae8 26. Rae1 Ng3 27. Rf2 d4 28. Nd1 dxe3 29. Rxe3 Rd8 30. Rxe5 Rxd2 31. Rxd2 Qf4 32. Re3 Nf5 33. Red3 Nh4 34. Nc3 Qe5 35. Re2 Qc5+ 36.
Rf2 f5 37. Rd1 f4 38. Kf1 Qf5 39. Rd4 g5 40. Bf3 Qxh3+ 41. Ke2 g4 42. Be4 f3+ 43. Ke3 Ng2+ 44. Kd2 Qh6+ 45. Kd1 Qe3 46. Rdd2 Qe1+ 47. Kc2 Ne3+ 48. Kd3 Nf1 49. Rc2 b5 50. Kd4 Ng3 51. b4 Nxe4 52. Nxe4 Qxb4+ 53. Ke3 h5 54. Rxc6 Kf7 55.
Rf6+ Ke7 56. Rf5 h4 57. Rg5 Qa3+ 58. Kf4 g3 59. Rxf3 Qc1+ 60. Kg4 g2 61. Kf5 Qxg5+ 62. Nxg5 g1=Q 63. Rf4 Qg3 64. Rf3 Qg2 65. Rg3 hxg3 66. Ne6 0-1

[Event "Late-Titled-Tuesday-Blitz-August-29-2023"]
[Site "Chess.com"]
[Date "2023.08.29"]
[Round "10"]
[White "Meri-Arabidze"]
[Black "Piotrek1979"]
[Result "1-0"]
[WhiteElo "2610"]
[BlackElo "2460"]
[TimeControl "180+1"]
[EndTime "15:54:20 PDT"]
[Termination "Meri-Arabidze won on time"]

1. Nf3 Nf6 2. b3 g6 3. Bb2 Bg7 4. g3 O-O 5. Bg2 c5 6. O-O Nc6 7. c4 d6 8. e3 Rb8 9. d4 a6 10. Nc3 Bg4 11. h3 Bd7 12. Qd2 b5 13. cxb5 axb5 14. dxc5 dxc5 15. Nd5 Ne4 16. Qc2 Bxb2 17. Qxb2 e6 18. Nf4 b4 19. Rac1 Qa5 20. Ne5 Nxe5 21.
Bxe4 c4 22. bxc4 Rfc8 23. Rfd1 Ba4 24. Rd4 b3 25. c5 Bc6 26. axb3 Bxe4 27. Rxe4 Nf3+ 28.
Kg2 Nd2 29. Re5 Rxb3 30. Qd4 Qa8+ 31. e4 Nf3 32. Qc4 Nxe5 33. Qxb3 Qxe4+ 34. f3 Qd4 35. Qc3 Qxc3 36. Rxc3 g5 37. Ne2 Kf8 38. f4 gxf4 39. gxf4 Nc6 40. Kf3 Rd8 41. Ke4 f5+ 42. Ke3 Rd5 43. Nc1 Ke7 44. Nb3 e5 45. fxe5 Rxe5+ 46. Kf4 Rd5 47. Re3+ Kf6 48. Re8 Ne5 49. Rf8+ Ke6 50.
Re8+ Kf6 51. Rc8 Nd3+ 52. Ke3 Ne5 53. Nd4 f4+ 54. Ke4 f3 55. Kxd5 f2 56. Rf8+ Nf7 57. c6 f1=Q 58. c7 Qg2+ 59. Kc5 Qb7 60. Nb5 1-0

[Event "Late-Titled-Tuesday-Blitz-August-29-2023"]
[Site "Chess.com"]
[Date "2023.08.29"]
[Round "10"]
[White "Beca95"]
[Black "FairChess_on_YouTube"]
[Result "1-0"]
[WhiteElo "2978"]
[BlackElo "3058"]
[TimeControl "180+1"]
[EndTime "15:54:21 PDT"]
[Termination "Beca95 won by resignation"]

1. d4 Nf6 2. c4 e6 3. Nc3 d5 4.
Nf3 Nbd7 5. cxd5 exd5 6. Bf4 c6 7. Qc2 Nh5 8. Bd2 Be7 9. g4 Nhf6 10. g5 Nh5 11. h4 Nb6 12. Ne5 O-O 13. e3 g6 14. Bd3 Bd6 15. f4 Ng3 16. Rg1 Nf5 17.
h5 c5 18. hxg6 fxg6 19. Nb5 cxd4 20. exd4 Be6 21. Nxd6 Qxd6 22. Bc3 Rac8 23. Qd2 Na4 24. Bb4 Qb6 25. Bxf8 Nxd4 26. Rh1 Rxf8 27. Rc1 Nxb2 28. Rb1 Nxd3+ 29. Qxd3 Qa5+ 30. Qd2 Qa4 31. Rc1 Rxf4 32. Rc7 Re4+ 33. Kf2 Rxe5 34. Rhxh7 Re2+ 35. Qxe2 Nxe2 36. Rcg7+ Kf8 37. Rxb7 Nf4 38. Rb8+ Qe8 39. Rh8+ Kf7 40.
Rhxe8 d4 41. Kf3 Nd3 42. Rxe6 Kxe6 43. Ra8 Kf5 44. Rxa7 Ne5+ 45. Kg3 Kxg5 46. a4 d3 47. Kf2 Kf4 48. Re7 Ke4 49. a5 Kd5 50. a6 Ng4+ 51. Ke1 Kd6 52. a7 Kxe7 53. a8=Q Kf6 54. Qf3+ Kg5 55.
Qxd3 Ne5 56. Qe4 Ng4 57. Kf1 Nf6 58. Qe5+ 1-0

[Event "Late-Titled-Tuesday-Blitz-August-29-2023"]
[Site "Chess.com"]
[Date "2023.08.29"]
[Round "10"]
[White "JoakimVonAnd"]
[Black "Alphafischer2019"]
[Result "1/2-1/2"]
[WhiteElo "2733"]
[BlackElo "2554"]
[TimeControl "180+1"]
[EndTime "15:54:21 PDT"]
[Termination "Game drawn - insufficient material"]

1. c4 Nf6 2. Nf3 b6 3. g3 Bb7 4. Bg2 g6 5. d4 Bg7 6. O-O O-O 7. Re1 d6 8. b3 Nbd7 9. Bb2 Re8 10. Nc3 Ne4 11. Qc2 Nxc3 12. Bxc3 a5 13. Rad1 a4 14.
d5 axb3 15. axb3 Bxc3 16. Qxc3 e5 17. b4 Qe7 18. Ra1 f5 19. Nd2 Rxa1 20. Rxa1 Ra8 21.
Rxa8+ Bxa8 22. Qa3 Qf8 23. Nb3 Bb7 24. e4 fxe4 25. Bxe4 Qa8 26. Qxa8+ Bxa8 27. Bg2 Bb7 28. Bh3 Nf6 29. Be6+ Kf8 30. Kf1 Ke7 31. Ke2 Ba6 32. Nd2 c6 33. Ke3 cxd5 34. Bxd5 Ng4+ 35. Ke2 Nf6 36. Ke3 b5 37. Bc6 bxc4 38. b5 Bxb5 39.
Bxb5 d5 40. Bxc4 dxc4 41. Nxc4 Ke6 42. h3 Nd5+ 43. Ke4 Nc3+ 44. Kf3 h5 45. Nb6 Kf5 46. Nc4 Nd5 47. Nd6+ Ke6 48. Ne4 Kf5 49. Nc5 Nf6 50.
Ke3 g5 51. Nd3 Nd5+ 52. Ke2 e4 53. Nc5 Ke5 54. Nd7+ Ke6 55. Nc5+ Kf5 56. Nb3 h4 57. Nd4+ Ke5 58. Nc6+ Kd6 59. Nd8 Ke7 60. Nb7 Ke6 61. Nd8+ Ke5 62. Nf7+ Kf6 63. Nd6 Ke5 64. Nc4+ Kd4 65.
Nd6 hxg3 66. fxg3 Nc3+ 67. Ke1 Ke3 68. Nf7 Kf3 69. Nxg5+ Kxg3 70. Kd2 Kh4 71. Nxe4 Nxe4+ 72. Ke3 Nd2 73. Kxd2 Kxh3 1/2-1/2

[Event "Late-Titled-Tuesday-Blitz-August-29-2023"]
[Site "Chess.com"]
[Date "2023.08.29"]
[Round "10"]
[White "DeTimmerman"]
[Black "ArmanGhevondyanchess"]
[Result "1/2-1/2"]
[WhiteElo "2678"]
[BlackElo "2398"]
[TimeControl "180+1"]
[EndTime "15:54:22 PDT"]
[Termination "Game drawn - insufficient material"]

1. b4 Nf6 2. Bb2 d5 3. b5 g6 4. e3 Bg7 5. c4 O-O 6. a4 c5 7. cxd5 Qxd5 8. Nf3 b6 9. Nc3 Qd6 10. Be2 Bb7 11. O-O Nbd7 12. d4 Rfd8 13. h3 Rac8 14. a5 e5 15. dxe5 Qxd1 16. Rfxd1 Ne4 17. Nxe4 Bxe4 18. axb6 axb6 19. Ng5 Bc2 20. Rdc1 Bb3 21.
f4 c4 22. Bd4 Nc5 23. Bxc4 Bxc4 24. Rxc4 Nb3 25. Raa4 Nc5 26. Bxc5 Rxc5 27. Rxc5 bxc5 28.
Rc4 Rc8 29. Ne4 Bf8 30. Nd6 Rd8 31. Rxc5 Bxd6 32. exd6 Rxd6 33. e4 Rd4 34. Rc8+ Kg7 35. Re8 Rb4 36. Re5 Rb2 37. Kh2 Rb4 38. Kg3 f6 39. Re7+ Kh6 40. Rf7 Rb3+ 41. Kh2 Rxb5 42. Rxf6 Rb4 43. e5 Kg7 44. Kg3 Rb3+ 45. Kg4 Re3 46.
g3 Re1 47. Rd6 Re3 48. h4 h5+ 49. Kh3 Re2 50. Rf6 Kh7 51. Rc6 Kg7 52. Rd6 Kf7 53. Rf6+ Kg7 54. f5 gxf5 55. Rxf5 Kg6 56. Rg5+ Kh6 57. g4 Re3+ 58. Kg2 hxg4 59. Kf2 Re4 60. Kg3 Kh7 61. Rf5 Kg6 62. Rf6+ Kh5 63. e6 Re3+ 64.
Kf4 Rf3+ 65. Ke5 Re3+ 66. Kd4 Re1 67. Rf5+ Kxh4 68. Re5 Rd1+ 69. Kc3 Rd8 70. e7 Re8 71. Kd2 Kh3 72. Ke2 g3 73. Kf1 Kg4 74. Kg2 Kf4 75.
Re2 Kf5 76. Kxg3 Kf6 77. Re3 Rxe7 78. Rxe7 Kxe7 1/2-1/2

[Event "Late-Titled-Tuesday-Blitz-August-29-2023"]
[Site "Chess.com"]
[Date "2023.08.29"]
[Round "10"]
[White "S-Fazulyanov"]
[Black "Young_Catalan_Player09"]
[Result "0-1"]
[WhiteElo "2522"]
[BlackElo "2448"]
[TimeControl "180+1"]
[EndTime "15:54:22 PDT"]
[Termination "Young_Catalan_Player09 won on time"]

1. e4 c5 2. Nf3 Nc6 3. d4 cxd4 4.
Nxd4 g6 5. c4 Nf6 6. Nc3 d6 7.
Be3 Ng4 8. Nxc6 bxc6 9. Qd4 e5 10. Qd2 Nxe3 11. Qxe3 Bg7 12. O-O-O O-O 13. c5 Qh4 14. g3 Qh5 15. Be2 Qh3 16. Kb1 Bh6 17. Qd3 dxc5 18. Qc4 Be6 19. Qxc5 Rab8 20. Bc4 Rfc8 21.
Bxe6 Qxe6 22. Qxa7 Qc4 23. Ka1 Bf8 24. Rc1 Bc5 25.
Qa4 Rb4 26. Qc2 Rcb8 27. Nd1 Qxc2 28. Rxc2 Bd4 29. Re1 c5 30. Ree2 c4 31. f4 f6 32.
Nc3 Rxb2 33. Rxb2 Bxc3 34. Kb1 Bxb2 35. Rxb2 Rd8 36. Kc2 Rd4 37. Rb6 Rxe4 38. Rxf6 exf4 39. Rxf4 Re2+ 40. Kc3 Rxa2 41. h4 Rg2 42. g4 Rh2 43. g5 Kg7 44. Kxc4 Rd2 45. Kc3 Rd7 46. Kc4 h6 47. Rg4 Rd1 48. Kc3 Rd5 49. Kc4 Rd7 50. h5 gxh5 51. gxh6+ Kxh6 52. Rh4 Kg5 53. Rh2 h4 54. Kc3 Kg4 55. Kc2 h3 56. Rh1 Rh7 57. Kd2 h2 58. Ke2 Kg3 59. Kf1 Rf7+ 60. Ke2 Kg2 0-1

[Event "Late-Titled-Tuesday-Blitz-August-29-2023"]
[Site "Chess.com"]
[Date "2023.08.29"]
[Round "10"]
[White "Karttunen"]
[Black "MBA_CHESS_2021"]
[Result "1-0"]
[WhiteElo "2563"]
[BlackElo "2288"]
[TimeControl "180+1"]
[EndTime "15:54:34 PDT"]
[Termination "Karttunen won on time"]

1. e4 c5 2. Nf3 Nc6 3. Bb5 g6 4. Bxc6 dxc6 5. d3 Bg7 6. Nc3 e5 7. Be3 b6 8. Qd2 h6 9. h3 Be6 10. a3 Qd7 11. b4 cxb4 12. axb4 Rd8 13. Qc1 Rc8 14. O-O Ne7 15. Rd1 c5 16. bxc5 bxc5 17. Qa3 Rc7 18. Bxc5 O-O 19. Rab1 Rfc8 20. Bb4 Nc6 21.
Bd6 Nd4 22. Bxc7 Nxf3+ 23. gxf3 Rxc7 24. Ne2 Rxc2 25. Rb2 Rc7 26. Qb4 Bxh3 27. Ng3 h5 28.
Kh2 Be6 29. Qb8+ Kh7 30. Qb4 h4 31. Ne2 Bh6 32. Rbb1 Qd8 33. Rb2 Bc8 34. Qe1 Qd7 35.
Ng1 Bf4+ 36. Kh1 Ba6 37. Qf1 Rc3 38. Ra2 Rxd3 39. Rxd3 Bxd3 40. Qd1 Qb5 41. Ra3 Bf1 42.
Rxa7 h3 43. Rxf7+ Kh6 44. Rxf4 exf4 45. Kh2 Bc4 46. Qd2 Qg5 47. Nxh3 Qh4 48. Qxf4+ Qxf4+ 49. Nxf4 g5 50. Nh3 Be2 51. Kg3 Kg6 52. Ng1 Bd1 53. Nh3 Be2 54. f4 Bd1 55. Nxg5 Bc2 56. f3 Bb1 57.
Nh3 Bc2 58. Nf2 Bb1 59. f5+ Kg5 60. f4+ Kf6 61. Kf3 Bc2 62. Ke3 Bb1 63. Kd4 Bc2 64. Ng4+ Ke7 65. Ne3 Bb1 66. Ke5 Ba2 67. f6+ Kd7 68. f5 Kc6 69. Ng4 Kc5 70. Nh6 Kb4 71. f7 Kc3 72. f8=Q Kd2 73. Qd6+ Ke2 74. Qa6+ Ke1 75. Qxa2 Kf1 76. Ng4 Ke1 77. Qf2+ 1-0

[Event "Late-Titled-Tuesday-Blitz-August-29-2023"]
[Site "Chess.com"]
[Date "2023.08.29"]
[Round "10"]
[White "KNVB"]
[Black "WPWPWP-2015"]
[Result "1-0"]
[WhiteElo "2811"]
[BlackElo "2573"]
[TimeControl "180+1"]
[EndTime "15:54:46 PDT"]
[Termination "KNVB won by resignation"]

1. e4 e5 2. Nf3 Nf6 3. d3 Nc6 4.
g3 Bc5 5. Bg2 O-O 6. O-O Re8 7.
Nbd2 d5 8. h3 h6 9. c3 a5 10. a4 Be6 11. exd5 Nxd5 12. Nc4 f6 13. Nh4 Qd7 14. Kh2 Rad8 15. Qh5 Bf7 16. Qg4 h5 17. Qxd7 Rxd7 18. Be4 Nde7 19. Be3 Bxe3 20. Nxe3 g6 21.
g4 hxg4 22. hxg4 Kg7 23. Kg3 Nd8 24. Nhg2 c6 25. f4 exf4+ 26. Nxf4 Ne6 27. Nxe6+ Bxe6 28. Rae1 Bf7 29. d4 Nc8 30. Bc2 Nd6 31. Ng2 Rde7 32.
Rxe7 Rxe7 33. Re1 Rd7 34. Ne3 b6 35. Kf3 Ne8 36. b3 Nc7 37. Rd1 Kh6 38. Kf4 Ne6+ 39. Kf3 Kg5 40. Rd2 Nc7 41. c4 Ne8 42. Be4 Rc7 43. d5 Nd6 44. dxc6 Nxe4 45. Kxe4 Rxc6 46. Rd7 Be6 47. Rd4 Rc5 48. Kf3 Re5 49. Rd6 f5 50.
gxf5 gxf5 51. Ng2 Bc8 52. Rxb6 Re7 53. c5 Rc7 54. c6 Be6 55. Nf4 Bf7 56. Ke3 Kf6 57.
Kd4 Kg5 58. Nd5 Rc8 59. Ne7 Rd8+ 60. Kc5 Re8 61. Kd6 Rd8+ 62. Kc7 Rd1 63. Kb8 f4 64. c7 Rc1 65. c8=Q Rxc8+ 66. Nxc8 f3 67. Rd6 f2 68. Rd1 Kf4 69. Rf1 Ke3 70. Nd6 Bxb3 71. Nf5+ Kf3 72. Nd4+ Kg2 73. Rxf2+ Kxf2 74. Nxb3 Ke3 75. Nxa5 Kd4 76. Nb3+ Kc4 77. Kb7 Kb4 78. a5 Kb5 79. a6 Kb4 80. a7 Kxb3 81. a8=Q Kb4 82.
Qa6 Kc5 83. Qc6+ Kb4 84. Kc7 Ka5 85. Kd6 Kb4 86. Kd5 Ka5 87. Qb7 Ka4 88. Qb6 1-0

[Event "Late-Titled-Tuesday-Blitz-August-29-2023"]
[Site "Chess.com"]
[Date "2023.08.29"]
[Round "10"]
[White "Chessdemon2019"]
[Black "Chessdreamer2020"]
[Result "1-0"]
[WhiteElo "2414"]
[BlackElo "2515"]
[TimeControl "180+1"]
[EndTime "15:54:46 PDT"]
[Termination "Chessdemon2019 won by resignation"]

1. e4 d6 2. d4 Nf6 3. Nc3 c6 4. f4 d5 5. e5 Ng8 6. h3 h5 7. Bd3 g6 8. Nf3 Nh6 9. Qe2 Bf5 10. g4 Bxd3 11. Qxd3 e6 12. Be3 Be7 13. O-O-O Nd7 14. f5 gxf5 15. Bxh6 Rxh6 16. gxf5 Qa5 17.
f6 Bb4 18. Rhg1 O-O-O 19. a3 Bxc3 20. Qxc3 Qxc3 21. bxc3 Rg6 22. Rxg6 fxg6 23. Rg1 Rg8 24. Rg5 Nf8 25. Nh4 Kd7 26. Kd2 Ke8 27. Rg1 Kf7 28.
Nf3 Nh7 29. h4 Rb8 30. Rb1 b5 31. a4 a5 32. Ke3 Rb7 33. Kf4 Rb8 34. Ne1 Rc8 35.
Nd3 bxa4 36. Ra1 Rg8 37. Rxa4 g5+ 38. hxg5 Rxg5 39. Rxa5 Rg4+ 40. Kf3 Ng5+ 41. Ke2 Rg2+ 42. Ke3 h4 43. Ra7+ Kg6 44. Nf4+ Kf5 45. Nxg2 h3 46. Nh4+ Kg4 47. f7 h2 48. f8=Q h1=Q 49. Qf4+ Kh5 50. Nf3 Qc1+ 51. Nd2 Qxc2 52. Qh2+ Kg6 53. Qf4 Qxc3+ 54.
Ke2 Qh3 55. Rg7+ Kxg7 56. Qxg5+ Kf7 57. Qf6+ Ke8 58. Qg6+ Kd7 59. Qf7+ Kc8 60. Qf8+ Kb7 61. Qb4+ Kc8 62. Qd6 Qg2+ 63. Kd3 Qg3+ 64. Kc2 Qg4 65.
Qxc6+ Kd8 66. Qb6+ Ke7 67. Qc5+ Kf7 68. Kd3 Qf5+ 69. Kc3 Qh3+ 70. Kb4 Qe3 71. Nb3 Qe1+ 72. Qc3 Qe4 73. Kc5 Qf3 74. Qxf3+ Ke7 75. Qf6+ Kd7 76.
Qf7+ 1-0

[Event "Late-Titled-Tuesday-Blitz-August-29-2023"]
[Site "Chess.com"]
[Date "2023.08.29"]
[Round "10"]
[White "laskakid"]
[Black "Apocalyps999"]
[Result "1/2-1/2"]
[WhiteElo "2195"]
[BlackElo "2322"]
[TimeControl "180+1"]
[EndTime "15:54:46 PDT"]
[Termination "Game drawn by stalemate"]

1. d4 d5 2. c4 e6 3. Nc3 Be7 4. Nf3 Nf6 5. Bg5 h6 6. Bxf6 Bxf6 7. e3 O-O 8. Rc1 c6 9. Qc2 a5 10. Bd3 Na6 11. a3 Nc7 12. O-O Be7 13. e4 dxc4 14. Bxc4 b5 15. Bd3 Bb7 16. Rfd1 b4 17. axb4 axb4 18.
Na4 Ra5 19. Ne5 Qxd4 20. Nxc6 Bxc6 21. Qxc6 Bg5 22. Qxc7 Rxa4 23. Bb5 Qa7 24. Bxa4 Qxa4 25. Qc6 Qa2 26. Rb1 Bf6 27. Qc2 b3 28. Qd2 Qa4 29.
Qe2 Rc8 30. e5 Rc2 31. Qe3 Bg5 32. Qd4 Qb5 33. h4 Be7 34. Ra1 Bc5 35. Qd8+ Kh7 36.
Qd3+ Qxd3 37. Rxd3 Rxf2 38. Kh2 Rxb2 39. Rc3 Bd4 40. Rd3 Bxe5+ 41. Kh3 Re2 42. Rb1 b2 43.
Rb3 Rc2 44. g3 Rc1 45. R1xb2 Bxb2 46. Rxb2 Rf1 47. Kg2 Rf5 48. Rb7 Kg6 49. g4 Rd5 50. Kg3 Rd3+ 51. Kf4 Rd4+ 52. Kf3 Kf6 53. Rb6 g6 54. Rb7 h5 55. g5+ Ke5 56. Rxf7 Rxh4 57. Rf6 Rg4 58. Rxg6 Kf5 59. Rh6 Rxg5 60. Rh8 e5 61.
Rf8+ Ke6 62. Re8+ Kf7 63. Rh8 Kg7 64. Ra8 Kf6 65. Ra6+ Kf5 66. Ra5 h4 67. Ra8 Rg3+ 68.
Kf2 Ke4 69. Ra4+ Kf5 70. Rxh4 Rg4 71. Rxg4 Kxg4 72. Ke3 Kf5 73. Kf3 e4+ 74. Ke3 Ke5 75. Ke2 Kd4 76. Kd2 e3+ 77. Ke2 Ke4 78. Ke1 Kd3 79.
Kd1 e2+ 80. Ke1 Ke3 1/2-1/2

[Event "Late-Titled-Tuesday-Blitz-August-29-2023"]
[Site "Chess.com"]
[Date "2023.08.29"]
[Round "10"]
[White "grzechu96"]
[Black "IngOscarArdila"]
[Result "0-1"]
[WhiteElo "2630"]
[BlackElo "2319"]
[TimeControl "180+1"]
[EndTime "15:54:54 PDT"]
[Termination "IngOscarArdila won by resignation"]

1. e4 e5 2. Nf3 Nf6 3. Nc3 Nc6 4. Bb5 Bb4 5. O-O O-O 6. d3 d6 7. Ne2 Nh5 8. c3 Ba5 9. a4 a6 10. Bc4 Bb6 11. h3 Be6 12. Qb3 Na5 13. Qa2 Nxc4 14. dxc4 h6 15. a5 Ba7 16. Qa4 Qf6 17. Kh2 g5 18. Be3 g4 19. hxg4 Bxg4 20. Neg1 Bxe3 21. fxe3 Qg6 22. c5 Kh8 23. cxd6 cxd6 24. Qc2 Rg8 25. Rad1 Bd7 26. Qf2 Bb5 27. Rfe1 Rad8 28.
Nh3 Qxe4 29. Qh4 Qg6 30. Rd2 Nf6 31. Kh1 Bc6 32. Nhg1 Ne4 33. Rde2 Ng3+ 34. Kh2 Nxe2 35.
Rxe2 f5 36. Rd2 Rdf8 37. c4 Rg7 38. c5 Bxf3 39. Nxf3 e4 40. Ne1 dxc5 41. Rd5 Rfg8 42. Qf4 Qh5+ 43. Kg1 Qg5 44. Rxf5 Qxf4 45. Rxf4 Re8 46.
Kf2 Rd7 47. Ke2 Rd5 48. g4 Kg7 49. Ng2 Kg6 50. Nh4+ Kg5 51. Nf5 Red8 52. Rxe4 Rd2+ 53. Kf3 Rxb2 54. Re7 Rdd2 55. Rg7+ Kf6 56. Rh7 Rf2+ 57. Kg3 Rg2+ 58. Kh3 Rh2+ 59. Kg3 Rbg2+ 60. Kf3 Rf2+ 61.
Kg3 Rhg2+ 62. Kh3 Rg1 63. Rxh6+ Ke5 64. Rb6 c4 65. Rxb7 c3 66. Rc7 c2 67. Nd4 c1=Q 68.
Rxc1 Rxc1 69. Kg3 Rff1 70. Nf3+ Ke4 71. Ng5+ Kd3 72. Ne6 Rg1+ 73. Kf4 Rcf1+ 74. Ke5 Rxg4 75. Nf4+ Rgxf4 76. exf4 Kc4 77. f5 Kb5 78. f6 Kxa5 79.
Ke6 Kb4 80. f7 a5 81. Ke7 a4 82. f8=Q Rxf8 83. Kxf8 a3 84. Ke7 a2 85. Kd6 a1=Q 86. Kd5 Qc3 87. Ke4 Qc4+ 88. Kf3 Kc5 89. Kf2 Qd4+ 90. Ke1 Kd5 91. Ke2 Ke5 92. Kf1 Qc3 93.
Kg2 Ke4 94. Kh1 Qd2 95. Kg1 Kd3 0-1

[Event "Late-Titled-Tuesday-Blitz-August-29-2023"]
[Site "Chess.com"]
[Date "2023.08.29"]
[Round "10"]
[White "Kombinator01"]
[Black "ilya2700"]
[Result "1/2-1/2"]
[WhiteElo "2440"]
[BlackElo "2140"]
[TimeControl "180+1"]
[EndTime "15:55:01 PDT"]
[Termination "Game drawn by repetition"]

1. d4 d5 2. Bf4 c5 3. e3 Nc6 4.
Nf3 Nf6 5. Nbd2 e6 6. c3 Be7 7. Bb5 cxd4 8. exd4 O-O 9. O-O Qb6 10. Qb3 Na5 11. Qa4 a6 12. Bd3 Bd7 13. Qc2 Bb5 14.
b4 Nc4 15. a4 Nxd2 16. Qxd2 Bxd3 17. Qxd3 Rac8 18. a5 Qb5 19. Qe3 Ne4 20. Ra3 Bf6 21.
Nd2 Nxd2 22. Qxd2 Rc6 23. Re1 Rfc8 24. g3 Rc4 25. Be5 Bxe5 26. Rxe5 Qc6 27. Re3 Qd7 28. h4 Qe7 29. Kg2 Qf6 30. Rf3 Qg6 31. Ra1 Qe4 32.
Re1 Qg6 33. Re5 h6 34. h5 Qb1 35. Qf4 R4c7 36. Ree3 Qc1 37. g4 Qb1 38. Rg3 Qh7 39.
Qe5 Re7 40. Qd6 Rce8 41. Re5 f6 42. Ree3 Qc2 43. Qf4 Qc1 44. Qf3 Qd2 45. Re2 Qc1 46. Qd3 Qa1 47. Rge3 Qc1 48. Re1 Qb2 49. Rb1 Qa3 50. Re2 Qa4 51. f4 Qc6 52. Rf1 Qc4 53. Qxc4 dxc4 54. Rfe1 Kf7 55. Kf3 Rd8 56. Re4 Rd5 57. f5 e5 58. dxe5 Rexe5 59. Rxe5 Rxe5 60. Rxe5 fxe5 61. Ke4 Kf6 62. Kd5 Kg5 63. Kxe5 Kxg4 64. Kd6 Kxh5 65. Kc7 Kg5 66. Kxb7 h5 67. b5 h4 68. bxa6 h3 69. a7 h2 70. a8=Q h1=Q+ 71.
Kb8 Qh2+ 72. Ka7 Qf2+ 73. Ka6 Qxf5 74. Qc6 Qd3 75. Qc5+ Kf4 76. Qf8+ Ke4 77. Qxg7 Qd6+ 78. Kb7 Qd5+ 79. Kb8 Qxa5 80. Qd7 Qb6+ 81. Ka8 Qa5+ 82. Kb8 Qb6+ 83. Ka8 Qa6+ 84. Kb8 Qb6+ 1/2-1/2